 Dungeon Crawl Stone Soup version 0.20-a0-972-gb9bd3e6 (webtiles) character file.

61 tself55 the Sneak (level 4, 0/28 HPs)
             Began as a Kobold Assassin on Apr 9, 2017.
             Slain by a bat (1 damage)
             ... on level 2 of the Dungeon.
             The game lasted 00:02:35 (1412 turns).

tself55 the Sneak (Kobold Assassin)                 Turns: 1412, Time: 00:02:35

Health: 0/28       AC:  6    Str:  9    XL:     4   Next: 27%
Magic:  4/4        EV: 12    Int: 12    God:
Gold:   60         SH:  0    Dex: 19    Spells: 3/3 levels left

rFire    . . .     SeeInvis .   a - +2 dagger
rCold    . . .     Gourm    .   (shield restricted)
rNeg     . . .     Faith    .   l - +0 ring mail (curse)
rPois    .         Spirit   .   (no helmet)
rElec    .         Reflect  .   d - +0 cloak
rCorr    .         Harm     .   (no gloves)
MR       .....                  (no boots)
Stlth    +++.......             (no amulet)
Regen    0.1/turn               c - +3 ring of dexterity
MPRegen  0.1/turn               (no ring)

@: no status effects
A: carnivore 3
a: no special abilities


You were on level 2 of the Dungeon.
You were completely stuffed.

You visited 1 branch of the dungeon, and saw 2 of its levels.

You collected 60 gold pieces.

Inventory:

Hand Weapons
 a - a +2 dagger (weapon)
 b - a +0 blowgun
Missiles
 e - 8 poisoned needles
 f - 2 curare-tipped needles
Armour
 d - a +0 cloak (worn)
 l - a cursed +0 ring mail (worn)
Jewellery
 c - a +3 ring of dexterity (left hand)
Scrolls
 h - 2 scrolls of remove curse {unknown}
 i - 2 scrolls of identify {unknown}
 m - a scroll of immolation {unknown}
 n - a scroll of teleportation {unknown}
 p - a scroll of enchant armour {unknown}
Potions
 o - a potion of curing {unknown}
Comestibles
 g - 2 meat rations
 j - 2 royal jellies
 k - a chunk of flesh


   Skills:
 + Level 3.0 Fighting
 * Level 5.0 Short Blades
 - Level 2.1 Throwing
 - Level 1.2 Dodging
 - Level 5.3 Stealth


You had 3 spell levels left.
You didn't know any spells.

Dungeon Overview and Level Annotations

Branches:
Dungeon (2/15)

Altars:


Innate Abilities, Weirdness & Mutations

You are small and have problems with some larger weapons.
You are carnivorous and can eat meat at any time.


Message History

The bat hits you but does no damage. The bat closely misses you.
The bat hits you but does no damage. The bat hits you but does no damage. x2
The bat barely misses you. The bat misses you.
The bat hits you but does no damage. The bat closely misses you.
The bat hits you.
* * * LOW HITPOINT WARNING * * *
The bat hits you but does no damage. x2; The bat closely misses you.
The bat barely misses you. The bat hits you but does no damage.
The bat barely misses you. The bat completely misses you.
The bat hits you but does no damage. The bat hits you but does no damage.
The bat barely misses you. The bat hits you.
* * * LOW HITPOINT WARNING * * *
The bat hits you but does no damage. The bat barely misses you.
The bat hits you but does no damage. x2
The bat hits you but does no damage. The bat barely misses you.
The bat completely misses you. The bat barely misses you.
The bat hits you but does no damage. The bat hits you.
You die...

.....####........
.......)........#
..........# ....#
..........#
#...###
.........####.....
.........###....#
................#
.......<......###
........@.l...#
........bb....#
.$............##
.........####..#
###......# ##.##
##.#..## #..##
?...... ##..###
##..##. #####...##
... ##
...####..#####


You could see 2 bats and a frilled lizard.

Vanquished Creatures
  An adder (D:1)
  2 oozes (D:1)
  A dart slug (D:2)
  A leopard gecko (D:2)
  3 bats
  3 giant cockroaches (D:1)
  8 goblins
  3 hobgoblins (D:1)
  4 jackals (D:1)
  4 frilled lizards
  2 kobolds (D:1)
  4 rats
36 creatures vanquished.

Notes
Turn   | Place    | Note
-------+----------+-------------------------------------------
     0 | D:1      | tself55 the Kobold Assassin began the quest for the Orb.
     0 | D:1      | Reached XP level 1. HP: 12/12 MP: 1/1
    85 | D:1      | Reached XP level 2. HP: 13/18 MP: 2/2
   405 | D:1      | Reached XP level 3. HP: 22/22 MP: 3/3
   969 | D:1      | Reached XP level 4. HP: 13/28 MP: 4/4
  1362 | D:2      | Reached skill level 5 in Short Blades
  1409 | D:2      | HP: 1/28 [bat (1)]
  1412 | D:2      | Slain by a bat

Vault maps used:
D:1:      kilobyte_arrival_exit_the_forest, minivault_14
D:2:      guppyfry_early_lair_pool

Skill      XL: |  1  2  3  4 |
---------------+-------------+-----
Short Blades   | 3 4 5 |  5.0
Fighting       | 3 |  3.0
Throwing       | |  2.1
Dodging        | |  1.2
Stealth        | |  5.3

Action                   |  1- 3 |  4- 6 || total
-------------------------+-------+-------++-------
Melee: Dagger            |   113 |    26 ||   139
 Stab: Sleeping          |     9 |       ||     9
       Distracted        |       |     1 ||     1
  Eat: Chunk             |     8 |     2 ||    10
Armor: Robe              |    13 |       ||    13
       Ring mail         |    15 |    28 ||    43
Dodge: Dodged            |    54 |    45 ||    99
